 Dungeon Crawl Stone Soup version 0.29.1-15-g9cfb28693d (webtiles) character file.

Game seed: 8223795179085076306

68 Jase the Martial Artist (level 4, 0/34 HPs)
             Began as a Gnoll Wanderer on Apr 1, 2023.
             Killed from afar by Sigmund (8 damage)
             ... with a puff of flame
             ... on level 2 of the Dungeon.
             The game lasted 00:05:03 (1516 turns).

Jase the Martial Artist (Gnoll Wanderer)            Turns: 1516, Time: 00:05:05

Health: 0/34       AC:  3    Str: 10    XL:     4   Next: 19%
Magic:  5/5        EV: 11    Int: 10    God:
Gold:   84         SH:  0    Dex: 16    Spells: 5/5 levels left

rFire   . . .      SeeInvis .   b - +0 short sword (venom)
rCold   . . .      Faith    .   (no shield)
rNeg    . . .      Spirit   .   f - +0 leather armour
rPois   .          Reflect  .   (helmet restricted)
rElec   .          Harm     .   (no cloak)
rCorr   .          Rampage  .   (no gloves)
Will    .....                   (no boots)
Stlth   +.........              (no amulet)
HPRegen 0.11/turn               (no ring)
MPRegen 0.09/turn               (no ring)

@: confused, hasted, very quick
A: fangs 1, strong nose, distributed training, horns 1
a: no special abilities


You were on level 2 of the Dungeon.
You visited 1 branch of the dungeon, and saw 2 of its levels.

You collected 84 gold pieces.

Inventory:

Hand Weapons
 a - a +0 sling
 b - a +0 short sword of venom (weapon)
Armour
 f - a +0 leather armour (worn)
 g - a +0 helmet
Scrolls
 i - a scroll of fear
 k - a scroll of enchant weapon {unknown}
 l - a scroll of identify {unknown}
 m - a scroll of torment {unknown}
Potions
 h - a potion of attraction {unknown}
 j - a potion of curing {unknown}
Miscellaneous
 d - a piece from Xom's chessboard (15/15) (quivered)


   Skills:
 + Level 2.7 Fighting
 + Level 1.1 Short Blades
 + Level 1.1 Long Blades
 + Level 1.1 Axes
 + Level 1.1 Maces & Flails
 + Level 1.1 Polearms
 + Level 1.1 Staves
 + Level 4.6 Ranged Weapons
 + Level 1.1 Throwing
 + Level 1.1 Armour
 + Level 1.1 Dodging
 + Level 1.1 Stealth
 + Level 1.1 Shields
 + Level 8.5 Unarmed Combat
 + Level 1.1 Spellcasting
 + Level 0.8 Conjurations
 + Level 0.8 Hexes
 + Level 0.8 Summonings
 + Level 0.8 Necromancy
 + Level 0.8 Translocations
 + Level 0.8 Transmutations
 + Level 0.8 Fire Magic
 + Level 0.8 Ice Magic
 + Level 0.8 Air Magic
 + Level 0.8 Earth Magic
 + Level 0.8 Poison Magic
 + Level 1.2 Invocations
 + Level 6.6 Evocations


You had 5 spell levels left.
You didn't know any spells.
Your spell library contained the following spells:

 Spells                   Type           Power      Damage    Failure   Level
 Fireball                 Conj/Fire      1%         3d3       100%        5
 Starburst                Conj/Fire      1%         6d3       100%        6
 Ignition                 Fire           1%         3d3       100%        8


Dungeon Overview and Level Annotations

Branches:
Dungeon (2/15)

Altars:

Annotations:
D:2 Sigmund


Innate Abilities, Weirdness & Mutations

You have very sharp teeth.
Your uncanny sense of smell can sniff out nearby items.
Your experience applies equally to all skills.
You have a pair of small horns on your head.


Message History

You feel less wooden.
Your +0 helmet unmelds from your body.
Your +0 leather armour unmelds from your body.
You start resting.
Sigmund is nearby!
Number of times to repeat, then command key: You must enter the number of times for the command to repeat.
Unknown command.
Sigmund shouts!
Items here: ) / [[ †.
You feel yourself speed up. Sigmund gestures at you while chanting.
You are confused.
You see here a +0 club.
You see here a +0 dagger.
Sigmund zaps a wand.
The puff of flame hits you.
You see here a +0 club.
You bump into the rock wall.
You see here a +0 dagger.
You bump into the rock wall.
Sigmund casts a spell at you.
You are more confused.
You bump into the rock wall.
Sigmund gestures wildly while chanting.
Sigmund flickers and vanishes!
Deactivating autopickup; reactivate with Ctrl-A.
You closely miss something. You barely miss something. Something hits you.
You bump into the rock wall.
Something hits you!
* * * LOW HITPOINT WARNING * * *
You see here a +0 club.
You bump into the rock wall.
It was a potion of mutation.
You feel extremely strange. A pair of horns grows on your head!
Your +0 helmet falls away!
You hear some strange, mumbled words.
A puff of flame appears from out of thin air!
The puff of flame hits you!
You die...

....)...######.........##
..........g.....)........
##...#########.#.####..##
#...# #.#.####..# #####
#.........# #........##
###.###### #)# #@#########
### #)#.......#
##.#########{#.#####.#
###.#............#####.###
#........###.............#
#.##.###.# ##....#####.#.#
#.##.# #.# ##.#.# #.#.#
#.##.# #.# #.#.#####[#.#
#.##.# #.# #.#.......#.#


There were no monsters in sight!

Vanquished Creatures
  Robin (D:2)
  2 ball pythons
  5 endoplasms
  2 giant cockroaches
  6 goblins
  8 hobgoblins
  11 jackals (D:1)
  2 kobolds (D:1)
  5 bats (D:1)
  2 frilled lizards (D:1)
  3 rats (D:1)
47 creatures vanquished.

Notes
Turn   | Place    | Note
-------+----------+-------------------------------------------
     0 | D:1      | Jase the Gnoll Wanderer began the quest for the Orb.
     0 | D:1      | Jase set off with the following items: a +0 sling, a scroll
                  | of fear, a potion of haste, a piece from Xom's chessboard
                  | (15/15), a potion of lignification, a +0 leather armour.
     0 | D:1      | Reached XP level 1. HP: 17/17 MP: 1/1
   127 | D:1      | Reached XP level 2. HP: 19/23 MP: 2/2
   512 | D:1      | Reached XP level 3. HP: 28/28 MP: 3/3
   714 | D:1      | Reached skill level 1 in Invocations
  1043 | D:2      | Noticed Sigmund
  1098 | D:2      | Reached skill level 1 in Short Blades
  1098 | D:2      | Reached skill level 1 in Long Blades
  1098 | D:2      | Reached skill level 1 in Axes
  1098 | D:2      | Reached skill level 1 in Maces & Flails
  1098 | D:2      | Reached skill level 1 in Polearms
  1098 | D:2      | Reached skill level 1 in Staves
  1098 | D:2      | Reached skill level 1 in Throwing
  1098 | D:2      | Reached skill level 1 in Armour
  1098 | D:2      | Reached skill level 1 in Dodging
  1098 | D:2      | Reached skill level 1 in Stealth
  1098 | D:2      | Reached skill level 1 in Shields
  1098 | D:2      | Reached skill level 1 in Spellcasting
  1421 | D:2      | Noticed Robin
  1465 | D:2      | Killed Robin
  1466 | D:2      | Reached XP level 4. HP: 34/34 MP: 5/5
  1516 | D:2      | Gained mutation: You have a pair of small horns on your
                  | head. [potion of mutation]
  1516 | D:2      | Killed from afar by Sigmund

Illustrated notes

Levels and vault maps discovered:
D:1:      spicycebolla_arrival_ecumenical, layout_loops_ring
D:2:      minmay_chambers_of_ones, layout_loops_corners, uniq_robin,
          uniq_sigmund

Skill      XL: |  1  2  3 |
---------------+----------+-----
Invocations    | 1 |  1.2
Short Blades   | 1 |  1.1
Long Blades    | 1 |  1.1
Axes           | 1 |  1.1
Maces & Flails | 1 |  1.1
Polearms       | 1 |  1.1
Staves         | 1 |  1.1
Throwing       | 1 |  1.1
Armour         | 1 |  1.1
Dodging        | 1 |  1.1
Stealth        | 1 |  1.1
Shields        | 1 |  1.1
Spellcasting   | 1 |  1.1
Fighting       | |  2.7
Ranged Weapons | |  4.6
Unarmed Combat | |  8.5
Conjurations   | |  0.8
Hexes          | |  0.8
Summonings     | |  0.8
Necromancy     | |  0.8
Translocations | |  0.8
Transmutations | |  0.8
Fire Magic     | |  0.8
Ice Magic      | |  0.8
Air Magic      | |  0.8
Earth Magic    | |  0.8
Poison Magic   | |  0.8
Evocations     | |  6.6

Action                   |  1- 3 |  4- 6 || total
-------------------------+-------+-------++-------
Melee: Dagger            |    95 |       ||    95
       Bite              |     6 |       ||     6
       Punch             |     5 |       ||     5
       Short sword       |    18 |     5 ||    23
 Fire: Sling             |   106 |       ||   106
  Use: Potion            |     2 |     2 ||     4
Armor: Leather armour    |    38 |       ||    38
       Skin              |    59 |     2 ||    61
Dodge: Dodged            |    79 |       ||    79
